 Dungeon Crawl Stone Soup version 0.21.1-1-g345015f (webtiles) character file.

117 Supreme the Chiller (level 4, 24/24 HPs)
             Began as a Deep Elf Ice Elementalist on Apr 26, 2018.
             Was a Follower of Cheibriados.
             Quit the game on level 3 of the Dungeon.
             The game lasted 00:11:52 (1873 turns).

Supreme the Chiller (Deep Elf Ice Elementalist)     Turns: 1873, Time: 00:11:53

Health: 24/24      AC:  3    Str:  7    XL:     4   Next: 71%
Magic:  12/12      EV: 13    Int: 23    God:    Cheibriados [*.....]
Gold:   133        SH:  0    Dex: 17    Spells: 5/11 levels left

rFire    . . .     SeeInvis .   q - +1 dagger (speed)
rCold    . . .     Gourm    .   (no shield)
rNeg     . . .     Faith    .   a - +0 robe
rPois    .         Spirit   .   (no helmet)
rElec    .         Reflect  .   (no cloak)
rCorr    .         Harm     .   t - +0 pair of gloves
MR       .....                  (no boots)
Stlth    ++........             y - amulet of inaccuracy (curse)
HPRegen  0.08/turn              (no ring)
MPRegen  0.13/turn              (no ring)

@: very slow
A: no striking features
a: Bend Time, Renounce Religion


You were on level 3 of the Dungeon.
You worshipped Cheibriados.
Cheibriados was aware of your devotion.
You were not hungry.

You visited 1 branch of the dungeon, and saw 3 of its levels.

You collected 133 gold pieces.

Inventory:

Hand Weapons
 e - a +0 whip
 i - a +0 short sword
 q - a +1 dagger of speed (weapon)
 r - a +0 spear
Missiles
 k - 67 stones (quivered)
 v - 14 arrows
Armour
 a - a +0 robe (worn)
 t - a +0 pair of gloves (worn)
Jewellery
 y - a cursed amulet of inaccuracy (around neck)
Wands
 u - a wand of acid (6)
Scrolls
 d - a scroll of amnesia {unknown}
 f - a scroll of enchant armour {unknown}
 g - 6 scrolls of identify {unknown}
 l - a scroll of fog {unknown}
 p - a scroll of teleportation {unknown}
 s - a scroll of fear {unknown}
 w - a scroll of blinking {unknown}
Potions
 h - 2 potions of curing {unknown}
 j - a potion of magic {unknown}
 m - a potion of heal wounds {unknown}
 n - a potion of brilliance {unknown}
 x - 2 potions of invisibility {unknown}
Books
 b - a book of Frost

   Spells                             Type                      Level
   a - Freeze                         Ice                          1
   b - Throw Frost                    Conjuration/Ice              2
   c - Ozocubu's Armour               Charms/Ice                   3
   d - Throw Icicle                   Conjuration/Ice              4
   e - Summon Ice Beast               Ice/Summoning                4
Comestibles
 c - 4 rations
 o - 4 chunks of flesh


   Skills:
 + Level 0.3 Fighting
 + Level 0.2 Short Blades
 + Level 3.1 Dodging
 + Level 2.7 Stealth
 + Level 4.3 Spellcasting
 + Level 1.4 Conjurations
 + Level 4.7 Ice Magic


You had 5 spell levels left.
You knew the following spells:

 Your Spells              Type           Power        Failure   Level  Hunger
a - Freeze                Ice            ####         1%          1    None
b - Throw Frost           Conj/Ice       ###...       4%          2    None
c - Ozocubu's Armour      Chrm/Ice       ###.....     12%         3    ##.....


Dungeon Overview and Level Annotations

Branches:
Dungeon (3/15)

Altars:
Cheibriados
Dithmenos
Elyvilon

Annotations:
D:3 Mirai's ghost, amateur KoEn


Message History

Cheibriados accepts your prayer! Cheibriados welcomes you!
Cheibriados begins to support your attributes as your movement slows.
Cheibriados warns you to remove your +1 dagger of speed.
You can now bend time to slow others.
Cheibriados slows and strengthens your metabolism.
Cheibriados raises the support of your attributes as your movement slows.
Unknown command.
Press < or > to pray at altars.
Unknown command.
Press < or > to pray at altars.
Unknown command.
Press < or > to pray at altars.
Unknown command.
Press < or > to pray at altars.
You offer a prayer to Cheibriados.
You offer a prayer to Cheibriados.
Quiver which item? (- for none, * to show all) (? for menu, Esc to quit)
Okay, then.
Are you sure you want to abandon this character and quit the game? (Confirm with "yes".)

..............###
#######.##.[....##
#..........#
####.....#.#
##...##.# ##.##.##
#.###.## #.# ##.#
#.# #@## #.##.##
##


There were no monsters in sight!

Vanquished Creatures
  6 adders (D:2)
  An ooze (D:1)
  2 worms (D:2)
  3 dart slugs
  6 bats
  6 goblins
  6 hobgoblins
  5 jackals
  A quokka (D:3)
  4 frilled lizards
  5 kobolds
  5 rats
50 creatures vanquished.

Notes
Turn   | Place    | Note
-------+----------+-------------------------------------------
     0 | D:1      | Supreme the Deep Elf Ice Elementalist began the quest for the Orb.
     0 | D:1      | Reached XP level 1. HP: 10/10 MP: 6/6
   112 | D:1      | Reached XP level 2. HP: 15/15 MP: 4/8
   116 | D:1      | Learned a level 2 spell: Throw Frost
   532 | D:1      | Reached XP level 3. HP: 10/19 MP: 10/10
   948 | D:2      | Learned a level 3 spell: Ozocubu's Armour
  1154 | D:2      | Reached XP level 4. HP: 19/24 MP: 2/12
  1206 | D:2      | Found a white marble altar of Elyvilon.
  1206 | D:2      | Found a shadowy altar of Dithmenos.
  1761 | D:3      | Noticed Mirai's ghost (amateur KoEn)
  1870 | D:3      | Found a faded altar of an unknown god.
  1872 | D:3      | Became a worshipper of Cheibriados the Contemplative
  1872 | D:3      | Reached * piety under Cheibriados
  1873 | D:3      | Quit the game

Skill      XL: |  1  2  3  4 |
---------------+-------------+-----
Ice Magic      | 4 |  4.7
Spellcasting   | 4 |  4.3
Dodging        | 3 |  3.1
Fighting       | |  0.3
Short Blades   | |  0.2
Stealth        | |  2.7
Conjurations   | |  1.4

Action                   |  1- 3 |  4- 6 || total
-------------------------+-------+-------++-------
Melee: Short sword       |    31 |     1 ||    32
       Dagger            |       |    48 ||    48
 Cast: Freeze            |    31 |    21 ||    52
       Throw Frost       |    12 |    11 ||    23
       Ozocubu's Armour  |     1 |     2 ||     3
 Stab: Sleeping          |     1 |     1 ||     2
  Eat: Chunk             |     1 |     3 ||     4
Armor: Robe              |     6 |    11 ||    17
Dodge: Dodged            |    41 |    40 ||    81
